[ AOE2 MATCH · #477953474 ]
UnrankedCelts vs Italians
Player's team · LOSS
[ REPLAY ANALYSIS · EXTRACTED FROM THE RECORDED GAME ]
Feudal
12:19
Castle
21:25
Imperial
40:41
| APM avg | 38.5 |
| APM peak | 109 |
| eAPM avg | 23.2 |
| Villagers / military | 133 / 11 |
Focus
⚔️ 15.3% · 🌾 84.7%
Mangonel ×5 · Militia ×3 · Woad Raider ×2 · Spearman ×1
Feudal
13:47
Castle
19:44
Imperial
38:26
| APM avg | 34.6 |
| APM peak | 76 |
| eAPM avg | 19.2 |
| Villagers / military | 204 / 33 |
Focus
⚔️ 29.9% · 🌾 70.1%
Unknown (882) ×30 · Archer ×18 · Bombard Cannon ×6 · Mangonel ×4 · Genoese Crossbowman ×4 · Militia ×1
Feudal
13:41
Castle
17:42
Imperial
38:16
| APM avg | 35.6 |
| APM peak | 73 |
| eAPM avg | 18.5 |
| Villagers / military | 159 / 61 |
Focus
⚔️ 34.8% · 🌾 65.2%
Konnik ×57 · Petard ×2 · Mangonel ×2
Feudal
12:23
Castle
17:53
Imperial
30:29
| APM avg | 39.1 |
| APM peak | 77 |
| eAPM avg | 19.0 |
| Villagers / military | 114 / 104 |
Focus
⚔️ 36.8% · 🌾 63.2%
Archer ×85 · Plumed Archer ×16 · Trebuchet (Packed) ×3
Feudal
13:13
Castle
18:21
Imperial
45:02
| APM avg | 39.0 |
| APM peak | 82 |
| eAPM avg | 18.5 |
| Villagers / military | 146 / 187 |
Focus
⚔️ 25.5% · 🌾 74.5%
Steppe Lancer ×181 · Battering Ram ×4 · Monk ×1 · Unknown (1920) ×1 · Trebuchet (Packed) ×1
Feudal
—
Castle
—
Imperial
—
| APM avg | 57.5 |
| APM peak | 115 |
| eAPM avg | 30.3 |
| Villagers / military | 112 / 152 |
Focus
⚔️ 36.1% · 🌾 63.9%
Steppe Lancer ×134 · Scout Cavalry ×10 · Trebuchet (Packed) ×5 · Camel Scout ×2 · Skirmisher ×1
Feudal
13:40
Castle
18:00
Imperial
—
| APM avg | 34.1 |
| APM peak | 82 |
| eAPM avg | 18.0 |
| Villagers / military | 87 / 42 |
Focus
⚔️ 27.6% · 🌾 72.4%
War Wagon ×34 · Archer ×7 · Iron Pagoda ×1
Feudal
13:29
Castle
17:23
Imperial
—
| APM avg | 23.8 |
| APM peak | 58 |
| eAPM avg | 18.0 |
| Villagers / military | 65 / 9 |
Focus
⚔️ 30.9% · 🌾 69.1%
Spearman ×4 · Chu Ko Nu ×4 · Iron Pagoda ×1
Match map
Initial resources + every placement click. Lines = walls · curves = elevation contours. ◆ gold · ⬟ stone · ● berries · ✦ relic · ◌ wall gap
Your base· Open — unwalled flank
TheGooseTransporter's base· Open — 12t gap
Goldfisch's base· Open — unwalled flank
Menanicci's base· Open — unwalled flank
Ned Stark's Bastard's base· Open — unwalled flank
TinglyTick15471's base· Open — 9t gap
word.exe's base· Open — 7t gap
105er.ahnungslos90's base· Open — unwalled flank
Smoothed initial terrain · ◌ = detected wall gap · hover for details
Inputs per minute
— A Bag of Salt - - TheGooseTransporter
Build order — A Bag of Salt
First 150 of 288 actions detected
| 1:08 | Build | Town Center |
| 1:54 | Build | House |
| 3:02 | Queue | Villager (Male) |
| 3:02 | Queue | Villager (Male) |
| 3:02 | Queue | Villager (Male) |
| 3:02 | Queue | Villager (Male) |
| 3:03 | Queue | Villager (Male) |
| 4:10 | Queue | Villager (Male) |
| 4:11 | Queue | Villager (Male) |
| 4:48 | Build | House |
| 4:53 | Queue | Villager (Male) |
| 4:53 | Queue | Villager (Male) |
| 5:11 | Build | Lumber Camp |
| 5:26 | Queue | Villager (Male) |
| 5:26 | Queue | Villager (Male) |
| 5:26 | Queue | Villager (Male) |
| 6:24 | Queue | Villager (Male) |
| 6:24 | Queue | Villager (Male) |
| 6:24 | Queue | Villager (Male) |
| 7:18 | Build | House |
| 7:23 | Queue | Villager (Male) |
| 7:23 | Queue | Villager (Male) |
| 7:50 | Queue | Villager (Male) |
| 8:04 | Queue | Villager (Male) |
| 8:50 | Queue | Villager (Male) |
| 8:59 | Build | House |
| 9:16 | Queue | Villager (Male) |
| 9:18 | Research | Loom |
| 9:21 | Build | Mining Camp |
| 10:03 | Research | Feudal Age |
| 10:03 | Research | Feudal Age |
| 10:35 | Build | Palisade Wall |
| 10:36 | Build | Palisade Wall |
| 10:37 | Build | Palisade Wall |
| 10:41 | Build | Palisade Wall |
| 10:42 | Build | Palisade Wall |
| 10:43 | Build | Palisade Wall |
| 11:12 | Build | Barracks |
| 11:30 | Build | Palisade Wall |
| 12:00 | Queue | Villager (Male) |
| 12:03 | Build | House |
| 12:06 | Queue | Militia |
| 12:06 | Queue | Militia |
| 12:09 | Queue | Militia |
| 12:19 | Age | Feudal Age |
| 12:23 | Research | Man-at-Arms (upgrade) |
| 12:23 | Research | Man-at-Arms (upgrade) |
| 12:26 | Research | Double-Bit Axe |
| 12:26 | Research | Double-Bit Axe |
| 12:26 | Research | Double-Bit Axe |
| 12:40 | Build | Mill |
| 12:49 | Queue | Villager (Male) |
| 12:55 | Build | House |
| 12:58 | Build | Palisade Wall |
| 13:04 | Queue | Villager (Male) |
| 13:28 | Queue | Villager (Male) |
| 13:33 | Research | Horse Collar |
| 13:34 | Research | Horse Collar |
| 13:45 | Build | Farm |
| 13:47 | Build | Farm |
| 13:54 | Queue | Villager (Male) |
| 13:56 | Build | Farm |
| 14:35 | Queue | Villager (Male) |
| 14:40 | Build | Farm |
| 14:40 | Build | Farm |
| 14:47 | Queue | Villager (Male) |
| 15:06 | Build | Farm |
| 15:14 | Build | House |
| 15:25 | Queue | Villager (Male) |
| 15:28 | Build | Farm |
| 15:39 | Build | Farm |
| 15:47 | Queue | Villager (Male) |
| 16:03 | Build | Market |
| 16:07 | Queue | Villager (Male) |
| 16:09 | Queue | Spearman |
| 16:42 | Build | House |
| 16:45 | Queue | Villager (Male) |
| 16:57 | Build | Farm |
| 17:01 | Build | Farm |
| 17:12 | Build | Watch Tower |
| 17:33 | Queue | Villager (Male) |
| 18:19 | Queue | Villager (Male) |
| 18:23 | Build | Blacksmith |
| 18:35 | Build | Archery Range |
| 18:45 | Research | Castle Age |
| 18:45 | Research | Castle Age |
| 19:11 | Build | Watch Tower |
| 19:19 | Queue | Villager (Male) |
| 20:13 | Queue | Villager (Male) |
| 21:25 | Age | Castle Age |
| 21:40 | Build | Siege Workshop |
| 21:47 | Queue | Villager (Male) |
| 22:14 | Queue | Villager (Male) |
| 22:58 | Queue | Mangonel |
| 23:09 | Queue | Villager (Male) |
| 23:32 | Queue | Mangonel |
| 23:42 | Queue | Villager (Male) |
| 23:57 | Queue | Villager (Male) |
| 24:29 | Queue | Villager (Male) |
| 24:44 | Build | Town Center |
| 24:54 | Queue | Villager (Male) |
| 25:09 | Queue | Villager (Male) |
| 25:28 | Queue | Villager (Male) |
| 25:45 | Queue | Villager (Male) |
| 25:45 | Queue | Villager (Male) |
| 26:13 | Queue | Villager (Male) |
| 26:13 | Queue | Villager (Male) |
| 26:17 | Build | Farm |
| 26:19 | Build | Farm |
| 26:19 | Build | Farm |
| 26:20 | Build | Farm |
| 26:20 | Build | Farm |
| 26:20 | Build | Farm |
| 26:29 | Build | House |
| 26:39 | Queue | Villager (Male) |
| 26:39 | Queue | Villager (Male) |
| 26:46 | Build | Farm |
| 26:47 | Build | Farm |
| 26:48 | Build | Farm |
| 26:49 | Build | Farm |
| 26:53 | Build | Farm |
| 26:54 | Queue | Villager (Male) |
| 27:22 | Queue | Villager (Male) |
| 27:22 | Queue | Villager (Male) |
| 27:41 | Build | Farm |
| 27:42 | Build | Farm |
| 27:42 | Queue | Villager (Male) |
| 27:43 | Queue | Villager (Male) |
| 27:47 | Queue | Villager (Male) |
| 27:47 | Queue | Villager (Male) |
| 27:47 | Queue | Villager (Male) |
| 27:51 | Build | Town Center |
| 27:57 | Build | Farm |
| 28:00 | Queue | Villager (Male) |
| 28:00 | Queue | Villager (Male) |
| 28:15 | Queue | Villager (Male) |
| 28:15 | Queue | Villager (Male) |
| 28:18 | Build | Farm |
| 28:27 | Queue | Villager (Male) |
| 28:27 | Queue | Villager (Male) |
| 28:27 | Queue | Villager (Male) |
| 28:36 | Queue | Villager (Male) |
| 28:48 | Queue | Villager (Male) |
| 28:48 | Queue | Villager (Male) |
| 28:56 | Queue | Villager (Male) |
| 28:56 | Queue | Villager (Male) |
| 29:14 | Queue | Mangonel |
| 29:14 | Queue | Mangonel |
| 29:16 | Queue | Villager (Male) |
| 29:17 | Queue | Villager (Male) |
Build order — TheGooseTransporter
First 150 of 378 actions detected
| 0:11 | Build | Town Center |
| 2:22 | Build | House |
| 2:27 | Queue | Villager (Male) ×4 |
| 2:49 | Build | Palisade Wall |
| 4:05 | Research | Loom |
| 4:17 | Queue | Villager (Male) |
| 4:18 | Queue | Villager (Male) |
| 4:34 | Build | House |
| 4:44 | Queue | Villager (Male) |
| 5:05 | Queue | Villager (Male) |
| 5:05 | Queue | Villager (Male) |
| 5:05 | Queue | Villager (Male) |
| 5:28 | Queue | Villager (Male) |
| 5:29 | Queue | Villager (Male) |
| 5:44 | Queue | Villager (Male) |
| 5:44 | Queue | Villager (Male) |
| 6:54 | Queue | Villager (Male) |
| 6:55 | Queue | Villager (Male) |
| 7:26 | Build | Lumber Camp |
| 7:31 | Build | House |
| 7:43 | Queue | Villager (Male) |
| 7:43 | Queue | Villager (Male) |
| 7:58 | Build | Palisade Wall |
| 8:06 | Queue | Villager (Male) |
| 8:08 | Build | Palisade Wall |
| 8:16 | Build | Palisade Wall |
| 8:21 | Build | Palisade Wall |
| 8:27 | Queue | Villager (Male) |
| 8:36 | Build | Palisade Wall |
| 8:43 | Build | Palisade Wall |
| 8:53 | Queue | Villager (Male) |
| 9:05 | Build | Mill |
| 9:16 | Build | House |
| 9:52 | Queue | Villager (Male) |
| 10:19 | Queue | Villager (Male) |
| 10:32 | Build | Mill |
| 10:43 | Queue | Villager (Male) |
| 11:07 | Queue | Villager (Male) |
| 11:36 | Research | Feudal Age |
| 12:01 | Build | House |
| 12:47 | Build | Barracks |
| 12:59 | Queue | Villager (Male) |
| 12:59 | Queue | Villager (Male) |
| 13:39 | Build | Palisade Wall |
| 13:42 | Build | Palisade Wall |
| 13:43 | Build | Palisade Wall |
| 13:47 | Age | Feudal Age |
| 13:48 | Build | Palisade Wall |
| 13:50 | Build | Palisade Wall |
| 13:53 | Build | Archery Range |
| 14:04 | Build | Palisade Wall |
| 14:07 | Build | Palisade Wall |
| 14:39 | Queue | Archer |
| 14:39 | Queue | Archer |
| 14:42 | Queue | Villager (Male) |
| 14:43 | Queue | Villager (Male) |
| 14:45 | Build | Archery Range |
| 15:13 | Build | House |
| 15:15 | Build | House |
| 15:20 | Queue | Archer |
| 15:22 | Queue | Villager (Male) |
| 15:46 | Queue | Villager (Male) |
| 15:48 | Queue | Archer |
| 16:11 | Build | Blacksmith |
| 16:37 | Queue | Archer |
| 16:37 | Queue | Archer |
| 16:39 | Queue | Villager (Male) |
| 16:57 | Research | Castle Age |
| 17:01 | Research | Fletching |
| 17:57 | Queue | Archer |
| 17:57 | Queue | Archer |
| 18:03 | Research | Double-Bit Axe |
| 18:25 | Queue | Archer |
| 18:25 | Queue | Archer |
| 18:30 | Build | Mill |
| 18:47 | Build | Mining Camp |
| 19:13 | Queue | Villager (Male) |
| 19:14 | Queue | Archer |
| 19:15 | Queue | Archer |
| 19:41 | Build | House |
| 19:42 | Build | House |
| 19:43 | Build | House |
| 19:44 | Age | Castle Age |
| 19:47 | Research | Crossbowman (upgrade) |
| 20:06 | Build | Town Center |
| 20:12 | Queue | Villager (Male) |
| 20:53 | Build | Siege Workshop |
| 20:56 | Queue | Villager (Male) |
| 21:39 | Queue | Mangonel |
| 21:40 | Research | Bodkin Arrow |
| 21:41 | Queue | Villager (Male) |
| 21:41 | Queue | Archer |
| 21:42 | Queue | Archer |
| 22:05 | Queue | Villager (Male) |
| 22:14 | Queue | Archer |
| 22:14 | Queue | Archer |
| 22:30 | Build | Town Center |
| 22:41 | Queue | Villager (Male) |
| 22:41 | Queue | Villager (Male) |
| 23:06 | Queue | Villager (Male) |
| 23:06 | Queue | Villager (Male) |
| 23:20 | Queue | Mangonel |
| 23:21 | Queue | Archer |
| 23:21 | Queue | Archer |
| 23:22 | Queue | Villager (Male) |
| 24:50 | Queue | Mangonel |
| 25:12 | Build | Market |
| 25:22 | Build | Farm |
| 25:23 | Build | Farm |
| 25:24 | Build | Farm |
| 25:29 | Build | Mill |
| 25:58 | Queue | Villager (Male) |
| 26:19 | Queue | Villager (Male) |
| 26:19 | Queue | Villager (Male) |
| 26:20 | Queue | Villager (Male) |
| 26:20 | Queue | Villager (Male) |
| 26:40 | Queue | Villager (Male) |
| 26:40 | Queue | Villager (Male) |
| 26:43 | Build | Farm |
| 26:44 | Build | Farm |
| 26:47 | Build | Farm |
| 26:48 | Build | Farm |
| 26:52 | Build | Farm |
| 27:04 | Build | Town Center |
| 27:12 | Queue | Villager (Male) ×3 |
| 27:13 | Queue | Villager (Male) ×3 |
| 27:19 | Build | Mill |
| 27:30 | Queue | Villager (Male) |
| 27:30 | Queue | Villager (Male) |
| 27:33 | Build | Mill |
| 27:54 | Queue | Villager (Male) |
| 27:54 | Queue | Villager (Male) |
| 27:59 | Build | House |
| 28:00 | Build | House |
| 28:00 | Build | House |
| 28:00 | Build | House |
| 28:00 | Build | House |
| 28:01 | Build | House |
| 28:07 | Queue | Villager (Male) |
| 28:07 | Queue | Villager (Male) |
| 28:09 | Queue | Villager (Male) ×2 |
| 28:24 | Queue | Villager (Male) |
| 28:24 | Queue | Villager (Male) |
| 29:07 | Queue | Villager (Male) |
| 29:07 | Queue | Villager (Male) |
| 29:07 | Queue | Villager (Male) |
| 29:10 | Queue | Villager (Male) |
| 29:10 | Queue | Villager (Male) |
| 29:10 | Queue | Villager (Male) |
| 29:13 | Build | University |
Build order — Goldfisch
First 150 of 396 actions detected
| 0:26 | Build | Town Center |
| 1:53 | Build | House |
| 1:54 | Build | House |
| 2:30 | Queue | Villager (Male) |
| 2:30 | Queue | Villager (Male) |
| 2:30 | Queue | Villager (Male) |
| 2:31 | Queue | Villager (Male) |
| 2:31 | Queue | Villager (Male) |
| 2:31 | Queue | Villager (Male) |
| 3:56 | Queue | Villager (Male) |
| 4:18 | Queue | Villager (Male) |
| 4:42 | Queue | Villager (Male) |
| 5:03 | Build | Lumber Camp |
| 5:06 | Queue | Villager (Male) |
| 5:50 | Queue | Villager (Male) |
| 6:07 | Queue | Villager (Male) |
| 6:26 | Queue | Villager (Male) |
| 6:44 | Queue | Villager (Male) |
| 6:53 | Queue | Villager (Male) |
| 7:07 | Queue | Villager (Male) |
| 7:12 | Queue | Villager (Male) |
| 7:28 | Build | House |
| 7:30 | Research | Loom |
| 7:35 | Queue | Villager (Male) |
| 7:42 | Build | House |
| 8:19 | Queue | Villager (Male) |
| 8:34 | Queue | Villager (Male) |
| 8:42 | Queue | Villager (Male) |
| 8:55 | Build | Mining Camp |
| 8:57 | Queue | Villager (Male) |
| 9:07 | Build | Mill |
| 9:10 | Build | Mining Camp |
| 9:22 | Build | Palisade Wall |
| 9:34 | Queue | Villager (Male) |
| 10:02 | Queue | Villager (Male) |
| 10:33 | Build | House |
| 10:35 | Build | Palisade Wall |
| 10:35 | Build | Palisade Wall |
| 10:41 | Build | House |
| 10:44 | Build | Palisade Wall |
| 11:00 | Build | Palisade Wall |
| 11:01 | Build | Palisade Wall |
| 11:02 | Build | Palisade Wall |
| 11:02 | Build | Palisade Wall |
| 11:06 | Queue | Villager (Male) |
| 11:08 | Research | Feudal Age |
| 11:42 | Build | House |
| 12:06 | Build | Palisade Wall |
| 12:07 | Build | Palisade Wall |
| 12:07 | Build | Palisade Wall |
| 12:07 | Build | Palisade Wall |
| 13:09 | Build | Outpost |
| 13:10 | Build | Outpost |
| 13:12 | Queue | Villager (Male) |
| 13:40 | Queue | Villager (Male) |
| 13:41 | Age | Feudal Age |
| 13:44 | Build | Market |
| 14:15 | Build | Blacksmith |
| 14:21 | Research | Town Watch |
| 14:44 | Build | Outpost |
| 15:02 | Research | Castle Age |
| 15:02 | Research | Castle Age |
| 15:35 | Build | Mining Camp |
| 17:19 | Queue | Villager (Male) |
| 17:42 | Age | Castle Age |
| 17:44 | Build | Krepost |
| 17:52 | Research | Scale Barding Armor |
| 17:56 | Queue | Villager (Male) |
| 18:26 | Queue | Konnik |
| 18:26 | Queue | Konnik |
| 18:39 | Build | Mill |
| 19:12 | Queue | Villager (Male) |
| 19:52 | Queue | Villager (Male) |
| 19:53 | Queue | Villager (Male) |
| 20:00 | Build | Town Center |
| 20:20 | Queue | Petard |
| 20:32 | Queue | Petard |
| 21:08 | Queue | Villager (Male) |
| 21:09 | Queue | Villager (Male) |
| 21:35 | Queue | Villager (Male) |
| 21:43 | Queue | Konnik |
| 21:47 | Queue | Villager (Male) |
| 22:03 | Queue | Villager (Male) |
| 22:23 | Research | Chain Barding Armor |
| 22:50 | Build | Farm |
| 22:51 | Build | Farm |
| 23:06 | Queue | Villager (Male) |
| 23:11 | Build | Farm |
| 23:12 | Build | Farm |
| 23:13 | Build | Farm |
| 23:14 | Build | Farm |
| 23:15 | Build | Farm |
| 23:16 | Build | Farm |
| 23:19 | Queue | Konnik |
| 23:19 | Queue | Konnik |
| 23:44 | Queue | Villager (Male) |
| 23:44 | Queue | Villager (Male) |
| 23:51 | Build | Farm |
| 23:52 | Build | Farm |
| 24:11 | Queue | Villager (Male) |
| 24:14 | Queue | Konnik |
| 24:14 | Queue | Konnik |
| 24:22 | Queue | Villager (Male) |
| 24:25 | Build | Barracks |
| 24:27 | Queue | Villager (Male) |
| 25:07 | Queue | Villager (Male) |
| 25:07 | Queue | Villager (Male) |
| 25:12 | Build | Farm |
| 25:25 | Queue | Villager (Male) |
| 25:27 | Queue | Villager (Male) |
| 26:00 | Queue | Villager (Male) |
| 26:05 | Build | Town Center |
| 26:06 | Queue | Villager (Male) |
| 26:06 | Queue | Villager (Male) |
| 26:09 | Queue | Villager (Male) |
| 26:09 | Queue | Villager (Male) |
| 26:14 | Queue | Villager (Male) |
| 26:20 | Build | Town Center |
| 26:28 | Research | Double-Bit Axe |
| 26:29 | Research | Double-Bit Axe |
| 26:40 | Queue | Villager (Male) |
| 26:50 | Queue | Villager (Male) |
| 27:00 | Queue | Villager (Male) |
| 27:15 | Queue | Villager (Male) |
| 27:17 | Build | Farm |
| 27:19 | Build | Farm |
| 27:20 | Queue | Villager (Male) |
| 27:20 | Queue | Villager (Male) |
| 27:36 | Queue | Villager (Male) |
| 27:37 | Queue | Villager (Male) |
| 27:51 | Build | Farm |
| 27:52 | Queue | Villager (Male) |
| 27:52 | Queue | Villager (Male) |
| 28:02 | Queue | Villager (Male) |
| 28:16 | Queue | Villager (Male) |
| 28:25 | Queue | Villager (Male) |
| 28:25 | Queue | Villager (Male) |
| 28:32 | Queue | Villager (Male) |
| 28:38 | Queue | Villager (Male) |
| 28:42 | Build | Farm |
| 28:42 | Build | Farm |
| 28:43 | Build | Farm |
| 28:44 | Build | Farm |
| 28:44 | Build | Farm |
| 28:45 | Build | Farm |
| 28:46 | Build | Farm |
| 29:05 | Queue | Villager (Male) |
| 29:06 | Queue | Villager (Male) |
| 29:06 | Queue | Villager (Male) |
| 29:17 | Queue | Villager (Male) |
Build order — Menanicci
First 150 of 344 actions detected
| 0:25 | Build | Town Center |
| 0:34 | Build | House |
| 0:35 | Build | Lumber Camp |
| 2:43 | Queue | Villager (Male) |
| 2:43 | Queue | Villager (Male) |
| 2:44 | Queue | Villager (Male) |
| 2:44 | Queue | Villager (Male) |
| 3:46 | Queue | Villager (Male) |
| 4:06 | Build | House |
| 4:16 | Queue | Villager (Male) |
| 4:29 | Build | Lumber Camp |
| 4:42 | Queue | Villager (Male) |
| 5:07 | Queue | Villager (Male) |
| 5:28 | Queue | Villager (Male) |
| 5:48 | Queue | Villager (Male) |
| 6:13 | Queue | Villager (Male) |
| 6:29 | Build | House |
| 6:50 | Queue | Villager (Male) |
| 7:02 | Queue | Villager (Male) |
| 7:22 | Queue | Villager (Male) |
| 7:46 | Queue | Villager (Male) |
| 7:51 | Build | House |
| 8:04 | Queue | Villager (Male) |
| 8:15 | Build | Mill |
| 8:23 | Queue | Villager (Male) |
| 9:09 | Queue | Villager (Male) |
| 9:31 | Queue | Villager (Male) |
| 10:00 | Build | Mining Camp |
| 10:03 | Queue | Villager (Male) |
| 10:12 | Research | Feudal Age |
| 11:18 | Build | Barracks |
| 11:42 | Build | Lumber Camp |
| 12:17 | Queue | Villager (Male) |
| 12:23 | Age | Feudal Age |
| 12:24 | Queue | Villager (Male) |
| 12:25 | Research | Double-Bit Axe |
| 12:30 | Build | House |
| 13:07 | Queue | Villager (Male) |
| 13:15 | Build | Archery Range |
| 13:35 | Queue | Villager (Male) |
| 13:41 | Queue | Villager (Male) |
| 13:56 | Build | Mill |
| 14:00 | Queue | Archer |
| 14:04 | Build | Blacksmith |
| 14:08 | Queue | Villager (Male) |
| 14:16 | Build | House |
| 14:25 | Queue | Archer |
| 14:54 | Queue | Archer |
| 15:13 | Research | Castle Age |
| 15:15 | Queue | Archer |
| 15:20 | Build | Archery Range |
| 15:38 | Queue | Archer |
| 16:00 | Queue | Villager (Male) |
| 16:09 | Queue | Archer |
| 16:10 | Queue | Archer |
| 16:14 | Build | House |
| 16:15 | Research | Fletching |
| 16:15 | Research | Fletching |
| 16:50 | Build | House |
| 16:50 | Build | House |
| 16:58 | Queue | Archer |
| 17:22 | Queue | Archer |
| 17:23 | Queue | Villager (Male) |
| 17:26 | Build | Mining Camp |
| 17:30 | Research | Gold Mining |
| 17:30 | Research | Gold Mining |
| 17:48 | Queue | Archer |
| 17:51 | Build | House |
| 17:52 | Build | House |
| 17:53 | Age | Castle Age |
| 18:21 | Research | Bodkin Arrow |
| 18:28 | Build | Market |
| 18:30 | Research | Bow Saw |
| 18:53 | Queue | Villager (Male) |
| 18:53 | Queue | Villager (Male) |
| 19:07 | Build | House |
| 19:07 | Queue | Villager (Male) |
| 19:22 | Research | Crossbowman (upgrade) |
| 19:56 | Queue | Archer |
| 19:56 | Queue | Archer |
| 19:57 | Queue | Villager (Male) |
| 20:04 | Build | Mill |
| 20:20 | Queue | Archer |
| 20:20 | Queue | Archer |
| 20:21 | Queue | Villager (Male) |
| 20:22 | Queue | Villager (Male) |
| 20:40 | Queue | Archer |
| 20:40 | Queue | Archer |
| 20:50 | Queue | Villager (Male) |
| 21:15 | Queue | Villager (Male) |
| 21:19 | Build | Town Center |
| 21:31 | Queue | Villager (Male) |
| 21:31 | Queue | Villager (Male) |
| 21:33 | Queue | Archer |
| 21:33 | Queue | Archer |
| 21:45 | Queue | Villager (Male) |
| 22:19 | Queue | Villager (Male) |
| 22:19 | Queue | Villager (Male) |
| 22:29 | Research | Loom |
| 22:32 | Queue | Villager (Male) |
| 22:32 | Queue | Villager (Male) |
| 22:38 | Build | Mill |
| 23:31 | Queue | Villager (Male) |
| 23:31 | Queue | Villager (Male) |
| 23:32 | Queue | Archer |
| 23:33 | Queue | Archer |
| 23:38 | Build | Farm |
| 23:39 | Build | Farm |
| 23:55 | Queue | Villager (Male) |
| 24:14 | Queue | Archer |
| 24:14 | Queue | Archer |
| 24:15 | Queue | Villager (Male) |
| 24:15 | Queue | Villager (Male) |
| 24:16 | Queue | Villager (Male) |
| 24:16 | Queue | Villager (Male) |
| 24:26 | Queue | Archer |
| 24:26 | Queue | Archer |
| 24:27 | Queue | Villager (Male) |
| 24:27 | Queue | Villager (Male) |
| 24:28 | Queue | Villager (Male) |
| 24:45 | Queue | Archer |
| 24:45 | Queue | Archer |
| 24:46 | Queue | Villager (Male) |
| 24:47 | Queue | Villager (Male) |
| 24:47 | Queue | Villager (Male) |
| 25:15 | Queue | Villager (Male) |
| 25:16 | Queue | Villager (Male) |
| 25:16 | Queue | Villager (Male) |
| 25:18 | Queue | Archer |
| 25:18 | Queue | Archer |
| 25:33 | Queue | Villager (Male) |
| 25:33 | Queue | Villager (Male) |
| 25:34 | Queue | Villager (Male) |
| 25:40 | Build | House |
| 25:41 | Build | Farm |
| 25:57 | Queue | Villager (Male) |
| 25:58 | Queue | Villager (Male) |
| 25:58 | Queue | Villager (Male) |
| 26:07 | Build | Siege Workshop |
| 26:15 | Queue | Archer |
| 26:15 | Queue | Archer |
| 26:16 | Queue | Villager (Male) |
| 26:16 | Queue | Villager (Male) |
| 26:17 | Queue | Villager (Male) |
| 26:36 | Build | Monastery |
| 26:40 | Queue | Villager (Male) |
| 26:41 | Queue | Villager (Male) |
| 26:42 | Queue | Villager (Male) |
| 26:50 | Build | Town Center |
| 26:53 | Build | Palisade Wall |
Build order — Ned Stark's Bastard
First 150 of 340 actions detected
| 0:51 | Build | Town Center |
| 3:04 | Build | House |
| 3:23 | Queue | Villager (Male) |
| 3:23 | Queue | Villager (Male) |
| 3:24 | Queue | Villager (Male) |
| 4:04 | Queue | Villager (Male) |
| 5:01 | Build | House |
| 5:04 | Queue | Villager (Male) |
| 5:04 | Queue | Villager (Male) |
| 5:24 | Queue | Villager (Male) |
| 5:47 | Queue | Villager (Male) |
| 6:10 | Build | House |
| 6:24 | Queue | Villager (Male) |
| 6:24 | Queue | Villager (Male) |
| 6:25 | Queue | Villager (Male) |
| 6:47 | Build | Mill |
| 7:18 | Queue | Villager (Male) |
| 7:31 | Queue | Villager (Male) |
| 7:52 | Research | Loom |
| 8:17 | Queue | Villager (Male) |
| 8:18 | Queue | Villager (Male) |
| 8:31 | Build | House |
| 9:14 | Queue | Villager (Male) |
| 9:48 | Queue | Villager (Male) |
| 9:49 | Queue | Villager (Male) |
| 9:49 | Queue | Villager (Male) |
| 10:20 | Build | Lumber Camp |
| 10:24 | Build | Mining Camp |
| 10:57 | Research | Feudal Age |
| 11:10 | Build | Mill |
| 11:29 | Queue | Villager (Male) |
| 11:30 | Queue | Villager (Male) |
| 13:13 | Age | Feudal Age |
| 13:23 | Build | Market |
| 13:26 | Build | Blacksmith |
| 14:04 | Queue | Villager (Male) |
| 14:36 | Build | Pasture |
| 14:42 | Queue | Villager (Male) |
| 14:50 | Build | House |
| 15:11 | Build | Pasture |
| 15:41 | Research | Castle Age |
| 16:00 | Build | Barracks |
| 16:36 | Research | Forging |
| 16:46 | Build | Watch Tower |
| 17:04 | Build | Pasture |
| 17:24 | Research | Scale Barding Armor |
| 17:50 | Research | Double-Bit Axe |
| 18:08 | Build | Stable |
| 18:11 | Queue | Villager (Male) |
| 18:21 | Age | Castle Age |
| 18:40 | Queue | Villager (Male) |
| 18:45 | Queue | Steppe Lancer |
| 18:45 | Queue | Steppe Lancer |
| 19:01 | Queue | Villager (Male) |
| 19:20 | Queue | Steppe Lancer |
| 19:35 | Queue | Villager (Male) |
| 19:43 | Build | House |
| 20:04 | Build | Town Center |
| 20:11 | Research | Bow Saw |
| 20:23 | Queue | Villager (Male) |
| 20:43 | Queue | Villager (Male) |
| 20:58 | Build | Siege Workshop |
| 21:05 | Queue | Villager (Male) |
| 21:12 | Queue | Villager (Male) |
| 21:35 | Queue | Steppe Lancer |
| 21:39 | Build | Stable |
| 21:46 | Queue | Villager (Male) |
| 21:53 | Build | Pasture |
| 22:25 | Queue | Battering Ram |
| 22:26 | Queue | Villager (Male) |
| 22:30 | Queue | Villager (Male) |
| 22:35 | Build | House |
| 22:56 | Queue | Villager (Male) |
| 22:56 | Queue | Villager (Male) |
| 22:57 | Queue | Villager (Male) |
| 23:00 | Build | House |
| 23:01 | Build | House |
| 23:19 | Build | Stable |
| 23:22 | Build | House |
| 23:32 | Queue | Villager (Male) |
| 23:32 | Queue | Villager (Male) |
| 23:34 | Build | House |
| 24:10 | Queue | Villager (Male) |
| 24:14 | Queue | Steppe Lancer |
| 24:14 | Queue | Steppe Lancer |
| 24:25 | Queue | Villager (Male) |
| 24:26 | Queue | Villager (Male) |
| 24:28 | Build | Stable |
| 24:35 | Build | Pasture |
| 24:37 | Build | Pasture |
| 24:40 | Build | Pasture |
| 24:41 | Queue | Villager (Male) |
| 25:06 | Queue | Battering Ram |
| 25:07 | Queue | Villager (Male) |
| 25:18 | Research | Tech 1014 |
| 25:22 | Queue | Villager (Male) |
| 25:22 | Queue | Villager (Male) |
| 25:37 | Build | Mining Camp |
| 25:50 | Queue | Villager (Male) |
| 25:51 | Queue | Villager (Male) |
| 25:56 | Queue | Steppe Lancer |
| 25:56 | Queue | Steppe Lancer |
| 26:07 | Queue | Steppe Lancer |
| 26:07 | Queue | Steppe Lancer |
| 26:22 | Queue | Villager (Male) |
| 26:23 | Queue | Villager (Male) |
| 26:27 | Build | Pasture |
| 26:29 | Build | Pasture |
| 26:30 | Queue | Villager (Male) |
| 26:46 | Build | Pasture |
| 26:47 | Build | Pasture |
| 26:53 | Queue | Villager (Male) |
| 26:53 | Queue | Villager (Male) |
| 27:09 | Queue | Steppe Lancer |
| 27:09 | Queue | Steppe Lancer |
| 27:10 | Queue | Steppe Lancer |
| 27:19 | Build | Pasture |
| 27:24 | Build | Pasture |
| 27:35 | Queue | Villager (Male) |
| 27:35 | Queue | Villager (Male) |
| 27:52 | Research | Iron Casting |
| 28:00 | Queue | Villager (Male) |
| 28:03 | Queue | Villager (Male) |
| 28:03 | Queue | Villager (Male) |
| 28:09 | Build | Pasture |
| 28:18 | Build | Lumber Camp |
| 28:31 | Queue | Steppe Lancer ×2 |
| 28:31 | Queue | Steppe Lancer ×2 |
| 28:31 | Queue | Steppe Lancer ×2 |
| 28:32 | Queue | Villager (Male) |
| 28:32 | Queue | Villager (Male) |
| 28:33 | Queue | Villager (Male) |
| 28:45 | Build | Town Center |
| 28:47 | Queue | Villager (Male) |
| 28:47 | Queue | Villager (Male) |
| 28:52 | Build | Pasture |
| 29:00 | Research | Husbandry |
| 29:20 | Queue | Steppe Lancer |
| 29:20 | Queue | Steppe Lancer |
| 29:21 | Queue | Steppe Lancer |
| 29:44 | Queue | Villager (Male) |
| 29:44 | Queue | Villager (Male) |
| 29:51 | Build | Monastery |
| 29:54 | Queue | Villager (Male) |
| 29:56 | Queue | Villager (Male) |
| 30:08 | Queue | Steppe Lancer ×4 |
| 30:08 | Queue | Steppe Lancer ×4 |
| 30:09 | Queue | Villager (Male) |
| 30:10 | Queue | Villager (Male) |
| 30:11 | Queue | Villager (Male) |
Build order — TinglyTick15471
First 150 of 398 actions detected
| 0:16 | Build | Town Center |
| 1:41 | Build | House |
| 1:43 | Build | House |
| 2:47 | Queue | Villager (Male) |
| 2:48 | Queue | Villager (Male) |
| 2:48 | Queue | Villager (Male) |
| 2:48 | Queue | Villager (Male) |
| 2:48 | Queue | Villager (Male) |
| 3:37 | Queue | Villager (Male) |
| 4:22 | Queue | Villager (Male) |
| 4:30 | Queue | Villager (Male) |
| 4:31 | Queue | Villager (Male) |
| 4:51 | Queue | Villager (Male) |
| 4:52 | Queue | Villager (Male) |
| 5:14 | Build | Lumber Camp |
| 5:15 | Queue | Villager (Male) |
| 5:16 | Queue | Villager (Male) |
| 5:31 | Queue | Villager (Male) |
| 5:31 | Queue | Villager (Male) |
| 5:41 | Queue | Villager (Male) |
| 5:42 | Queue | Villager (Male) |
| 6:03 | Queue | Villager (Male) |
| 6:04 | Queue | Villager (Male) |
| 6:38 | Queue | Villager (Male) |
| 6:55 | Queue | Villager (Male) |
| 7:16 | Build | House |
| 7:17 | Build | House |
| 7:22 | Queue | Villager (Male) |
| 7:28 | Research | Loom |
| 7:35 | Queue | Villager (Male) |
| 7:40 | Queue | Villager (Male) |
| 8:10 | Queue | Villager (Male) |
| 8:57 | Build | House |
| 9:35 | Queue | Villager (Male) |
| 9:41 | Queue | Villager (Male) |
| 9:46 | Build | Mill |
| 10:04 | Research | Feudal Age |
| 10:48 | Build | Barracks |
| 11:44 | Research | Loom |
| 12:21 | Research | Double-Bit Axe |
| 12:30 | Build | Stable |
| 12:35 | Research | Double-Bit Axe |
| 12:36 | Queue | Villager (Male) |
| 12:45 | Build | Palisade Wall |
| 12:48 | Build | Palisade Wall |
| 12:57 | Queue | Villager (Male) |
| 13:14 | Queue | Scout Cavalry |
| 13:14 | Queue | Scout Cavalry |
| 13:15 | Queue | Scout Cavalry |
| 13:15 | Queue | Scout Cavalry |
| 13:21 | Queue | Villager (Male) |
| 13:40 | Research | Horse Collar |
| 13:51 | Queue | Villager (Male) |
| 14:10 | Queue | Scout Cavalry |
| 14:17 | Build | House |
| 14:39 | Build | House |
| 14:42 | Queue | Villager (Male) |
| 14:43 | Queue | Scout Cavalry |
| 15:09 | Build | Town Center |
| 15:10 | Queue | Villager (Male) |
| 15:15 | Queue | Scout Cavalry |
| 15:28 | Queue | Scout Cavalry |
| 15:29 | Queue | Villager (Male) |
| 16:16 | Queue | Scout Cavalry |
| 16:27 | Queue | Villager (Male) |
| 16:29 | Queue | Villager (Male) |
| 16:33 | Build | Market |
| 16:42 | Queue | Villager (Male) |
| 17:35 | Queue | Villager (Male) |
| 17:35 | Queue | Villager (Male) |
| 18:37 | Build | Blacksmith |
| 18:38 | Queue | Villager (Male) |
| 18:43 | Build | Farm |
| 18:43 | Build | Farm |
| 18:43 | Build | Farm |
| 18:43 | Build | Farm |
| 18:44 | Build | Farm |
| 19:20 | Queue | Scout Cavalry |
| 19:25 | Build | Mill |
| 19:30 | Build | Farm |
| 20:11 | Research | Castle Age |
| 20:11 | Research | Castle Age |
| 20:11 | Research | Castle Age |
| 20:22 | Queue | Villager (Male) |
| 20:26 | Build | Mining Camp |
| 20:53 | Queue | Villager (Male) |
| 21:02 | Build | Farm |
| 21:13 | Queue | Villager (Male) |
| 21:22 | Build | Archery Range |
| 21:37 | Queue | Villager (Male) |
| 21:40 | Research | Scale Barding Armor |
| 21:40 | Research | Scale Barding Armor |
| 21:41 | Research | Scale Barding Armor |
| 21:51 | Research | Bloodlines |
| 21:51 | Research | Bloodlines |
| 21:54 | Queue | Villager (Male) |
| 22:04 | Build | Farm |
| 22:04 | Build | Farm |
| 22:04 | Build | Farm |
| 22:08 | Research | Scale Barding Armor |
| 22:09 | Research | Scale Barding Armor |
| 23:01 | Build | Farm |
| 23:01 | Build | Farm |
| 23:04 | Queue | Skirmisher |
| 23:07 | Build | House |
| 23:09 | Build | House |
| 23:10 | Build | House |
| 23:11 | Research | Wheelbarrow |
| 23:11 | Research | Wheelbarrow |
| 23:12 | Queue | Villager (Male) |
| 23:31 | Queue | Steppe Lancer |
| 23:36 | Build | Stable |
| 23:58 | Research | Chain Barding Armor |
| 23:58 | Research | Chain Barding Armor |
| 24:04 | Queue | Camel Scout |
| 24:04 | Queue | Camel Scout |
| 24:43 | Queue | Villager (Male) |
| 24:43 | Queue | Villager (Male) |
| 24:43 | Queue | Villager (Male) |
| 24:48 | Build | Farm |
| 24:49 | Build | Farm |
| 24:49 | Build | Farm |
| 24:56 | Queue | Steppe Lancer |
| 25:01 | Build | House |
| 25:02 | Build | House |
| 25:04 | Queue | Villager (Male) |
| 25:04 | Queue | Villager (Male) |
| 25:04 | Queue | Villager (Male) |
| 25:11 | Build | Farm |
| 25:11 | Build | Farm |
| 25:12 | Build | Farm |
| 25:14 | Queue | Villager (Male) |
| 25:15 | Queue | Villager (Male) |
| 25:42 | Queue | Villager (Male) |
| 25:45 | Build | Farm |
| 25:47 | Queue | Villager (Male) |
| 25:57 | Build | Mill |
| 26:10 | Queue | Villager (Male) |
| 26:12 | Queue | Villager (Male) |
| 26:17 | Build | House |
| 26:18 | Build | House |
| 26:21 | Build | House |
| 26:23 | Build | Palisade Wall |
| 26:24 | Build | Palisade Wall |
| 26:40 | Queue | Villager (Male) |
| 26:42 | Queue | Villager (Male) |
| 26:45 | Queue | Villager (Male) |
| 27:38 | Queue | Villager (Male) |
| 27:46 | Build | University |
| 27:48 | Queue | Villager (Male) |
Build order — word.exe
First 150 of 181 actions detected
| 0:31 | Build | Town Center |
| 2:23 | Build | House |
| 2:26 | Build | House |
| 2:45 | Queue | Villager (Male) |
| 2:46 | Queue | Villager (Male) |
| 2:59 | Queue | Villager (Male) |
| 3:07 | Queue | Villager (Male) |
| 3:28 | Research | Loom |
| 3:29 | Queue | Villager (Male) |
| 3:43 | Queue | Villager (Male) |
| 4:06 | Queue | Villager (Male) |
| 5:07 | Queue | Villager (Male) |
| 5:07 | Queue | Villager (Male) |
| 5:07 | Queue | Villager (Male) |
| 5:39 | Build | Mill |
| 5:50 | Queue | Villager (Male) |
| 5:50 | Queue | Villager (Male) |
| 6:33 | Queue | Villager (Male) |
| 6:57 | Queue | Villager (Male) |
| 7:07 | Queue | Villager (Male) |
| 7:19 | Build | House |
| 7:20 | Build | House |
| 7:52 | Queue | Villager (Male) |
| 8:07 | Build | House |
| 8:24 | Queue | Villager (Male) |
| 8:24 | Queue | Villager (Male) |
| 8:33 | Build | House |
| 8:59 | Build | House |
| 9:10 | Queue | Villager (Male) |
| 9:34 | Queue | Villager (Male) |
| 10:03 | Build | Barracks |
| 10:06 | Queue | Villager (Male) |
| 10:16 | Queue | Villager (Male) |
| 10:39 | Queue | Villager (Male) |
| 10:57 | Queue | Villager (Male) |
| 11:18 | Research | Feudal Age |
| 11:46 | Build | Lumber Camp |
| 12:12 | Build | House |
| 12:14 | Build | House |
| 12:16 | Build | House |
| 12:18 | Build | Palisade Wall |
| 13:40 | Age | Feudal Age |
| 13:46 | Build | Archery Range |
| 14:01 | Queue | Villager (Male) |
| 14:10 | Build | Blacksmith |
| 15:16 | Queue | Archer |
| 15:16 | Queue | Archer |
| 15:20 | Research | Castle Age |
| 15:21 | Research | Castle Age |
| 15:56 | Research | Fletching |
| 16:15 | Queue | Archer |
| 16:40 | Queue | Archer |
| 17:21 | Queue | Villager (Male) |
| 17:28 | Queue | Villager (Male) |
| 18:00 | Age | Castle Age |
| 18:02 | Build | Town Center |
| 18:53 | Research | Crossbowman (upgrade) |
| 19:32 | Queue | Villager (Male) |
| 20:00 | Queue | Archer |
| 20:01 | Queue | Archer |
| 20:04 | Queue | Villager (Male) |
| 20:55 | Queue | Archer |
| 22:12 | Build | Castle |
| 22:21 | Build | Palisade Gate |
| 22:32 | Build | Town Center |
| 23:48 | Queue | Villager (Male) |
| 23:49 | Queue | Villager (Male) |
| 24:30 | Queue | Villager (Male) |
| 25:04 | Research | Bodkin Arrow |
| 25:13 | Build | Town Center |
| 25:31 | Queue | Villager (Male) |
| 25:57 | Queue | Villager (Male) ×5 |
| 26:34 | Queue | War Wagon |
| 26:38 | Queue | Villager (Male) |
| 26:39 | Queue | Villager (Male) |
| 26:57 | Build | Palisade Wall |
| 26:58 | Build | Palisade Wall |
| 26:59 | Build | Palisade Wall |
| 26:59 | Build | Palisade Wall |
| 27:00 | Build | Palisade Wall |
| 27:01 | Build | Palisade Wall |
| 27:05 | Build | House |
| 27:09 | Build | House |
| 27:12 | Queue | Villager (Male) ×4 |
| 27:20 | Build | Mill |
| 27:32 | Queue | Villager (Male) |
| 28:16 | Queue | War Wagon |
| 28:17 | Queue | War Wagon |
| 28:31 | Queue | War Wagon |
| 28:41 | Queue | Villager (Male) ×4 |
| 29:00 | Queue | War Wagon |
| 29:27 | Queue | War Wagon |
| 29:28 | Queue | War Wagon |
| 29:43 | Queue | War Wagon |
| 30:12 | Build | Palisade Wall |
| 30:14 | Build | Palisade Wall |
| 30:24 | Queue | Villager (Male) ×5 |
| 30:35 | Build | Mining Camp |
| 30:49 | Queue | Villager (Male) ×5 |
| 30:52 | Build | House |
| 30:52 | Build | House |
| 30:52 | Build | House |
| 30:53 | Build | House |
| 30:53 | Build | House |
| 31:00 | Queue | War Wagon |
| 31:04 | Research | Stone Mining |
| 31:25 | Queue | War Wagon |
| 31:44 | Build | House |
| 31:44 | Build | House |
| 31:44 | Build | House |
| 32:00 | Queue | War Wagon |
| 32:11 | Queue | Villager (Male) ×5 |
| 32:21 | Build | Lumber Camp |
| 33:02 | Queue | War Wagon |
| 33:18 | Build | Castle |
| 33:43 | Build | Lumber Camp |
| 33:46 | Build | Palisade Wall |
| 33:55 | Build | Palisade Gate |
| 34:14 | Build | Palisade Gate |
| 34:17 | Build | Palisade Wall |
| 34:27 | Build | Palisade Wall |
| 34:49 | Queue | Villager (Male) ×5 |
| 34:55 | Queue | War Wagon ×5 |
| 35:02 | Queue | War Wagon ×2 |
| 35:11 | Queue | War Wagon ×2 |
| 35:41 | Queue | War Wagon |
| 35:41 | Queue | War Wagon |
| 36:22 | Queue | Villager (Male) |
| 36:23 | Queue | Villager (Male) |
| 37:36 | Build | House |
| 37:37 | Build | House |
| 37:38 | Build | House |
| 37:39 | Build | House |
| 38:18 | Queue | War Wagon |
| 38:32 | Queue | War Wagon |
| 38:53 | Build | Mill |
| 38:54 | Build | Farm |
| 38:55 | Build | Farm |
| 38:55 | Build | Farm |
| 38:55 | Build | Farm |
| 38:55 | Build | Farm |
| 38:55 | Build | Farm |
| 38:56 | Build | Farm |
| 39:01 | Queue | War Wagon |
| 39:10 | Build | Mill |
| 39:11 | Build | Farm |
| 39:11 | Build | Farm |
| 39:12 | Build | Farm |
| 39:12 | Build | Farm |
| 39:12 | Build | Farm |
Build order — 105er.ahnungslos90
First 150 of 177 actions detected
| 0:07 | Build | Town Center |
| 1:31 | Build | House |
| 2:43 | Research | Loom |
| 3:22 | Queue | Villager (Male) |
| 3:46 | Queue | Villager (Male) |
| 4:09 | Queue | Villager (Male) |
| 4:29 | Build | House |
| 4:33 | Queue | Villager (Male) |
| 4:34 | Queue | Villager (Male) |
| 4:56 | Queue | Villager (Male) |
| 4:56 | Queue | Villager (Male) |
| 4:56 | Queue | Villager (Male) |
| 5:06 | Build | Lumber Camp |
| 5:23 | Queue | Villager (Male) |
| 5:23 | Queue | Villager (Male) |
| 5:52 | Queue | Villager (Male) |
| 6:00 | Queue | Villager (Male) |
| 6:00 | Queue | Villager (Male) |
| 6:24 | Queue | Villager (Male) |
| 6:47 | Queue | Villager (Male) |
| 7:07 | Queue | Villager (Male) |
| 7:14 | Queue | Villager (Male) |
| 7:22 | Build | House |
| 8:08 | Build | Mill |
| 8:17 | Queue | Villager (Male) |
| 9:12 | Queue | Villager (Male) |
| 9:25 | Build | Mining Camp |
| 9:44 | Build | Palisade Wall |
| 9:57 | Build | Palisade Wall |
| 9:58 | Build | Palisade Wall |
| 10:04 | Queue | Villager (Male) |
| 10:17 | Build | Mining Camp |
| 10:29 | Queue | Villager (Male) |
| 10:38 | Build | House |
| 10:42 | Queue | Villager (Male) |
| 11:07 | Research | Feudal Age |
| 11:43 | Queue | Villager (Male) |
| 11:43 | Queue | Villager (Male) |
| 12:41 | Build | Palisade Wall |
| 13:29 | Age | Feudal Age |
| 13:35 | Build | Blacksmith |
| 13:38 | Build | Market |
| 14:02 | Build | Mill |
| 14:43 | Research | Castle Age |
| 14:55 | Build | House |
| 15:08 | Build | House |
| 15:26 | Build | Farm |
| 15:29 | Research | Double-Bit Axe |
| 15:37 | Build | Farm |
| 15:44 | Build | Palisade Wall |
| 16:00 | Build | Palisade Wall |
| 16:01 | Build | Palisade Wall |
| 16:04 | Build | Palisade Wall |
| 16:33 | Build | House |
| 16:39 | Build | House |
| 16:49 | Build | Palisade Wall |
| 16:53 | Build | House |
| 17:02 | Build | Palisade Wall |
| 17:10 | Build | Palisade Wall |
| 17:11 | Build | Palisade Wall |
| 17:23 | Age | Castle Age |
| 17:57 | Build | Palisade Wall |
| 17:59 | Build | Palisade Wall |
| 20:01 | Build | Castle |
| 21:12 | Queue | Villager (Male) |
| 21:13 | Queue | Villager (Male) |
| 21:26 | Queue | Chu Ko Nu |
| 21:26 | Queue | Chu Ko Nu |
| 21:30 | Build | Farm |
| 22:18 | Research | Town Watch |
| 23:48 | Build | Castle |
| 23:52 | Build | House |
| 24:00 | Build | House |
| 24:37 | Queue | Villager (Male) |
| 24:38 | Queue | Villager (Male) |
| 24:40 | Build | Farm |
| 25:46 | Queue | Villager (Male) |
| 26:10 | Build | Mining Camp |
| 26:21 | Queue | Villager (Male) |
| 26:22 | Queue | Villager (Male) |
| 27:12 | Queue | Villager (Male) |
| 27:26 | Build | Farm |
| 27:29 | Build | Farm |
| 27:41 | Queue | Chu Ko Nu |
| 27:42 | Queue | Chu Ko Nu |
| 28:35 | Build | Barracks |
| 29:02 | Queue | Villager (Male) |
| 29:03 | Queue | Villager (Male) |
| 29:12 | Build | House |
| 29:14 | Build | House |
| 29:14 | Build | House |
| 29:20 | Queue | Spearman |
| 29:21 | Queue | Spearman |
| 29:29 | Research | Pikeman (upgrade) |
| 29:51 | Queue | Spearman |
| 30:13 | Queue | Villager (Male) |
| 30:32 | Build | Town Center |
| 30:51 | Queue | Villager (Male) |
| 30:55 | Build | Farm |
| 31:09 | Queue | Villager (Male) |
| 31:40 | Queue | Villager (Male) |
| 31:46 | Queue | Villager (Male) |
| 31:53 | Build | Farm |
| 31:53 | Build | Farm |
| 32:14 | Queue | Villager (Male) |
| 32:14 | Queue | Villager (Male) |
| 32:14 | Queue | Villager (Male) |
| 32:17 | Build | Farm |
| 32:19 | Build | Farm |
| 32:51 | Build | Farm |
| 32:54 | Build | Farm |
| 33:02 | Queue | Villager (Male) |
| 33:03 | Queue | Villager (Male) |
| 33:03 | Queue | Villager (Male) |
| 33:08 | Build | Farm |
| 33:10 | Queue | Villager (Male) |
| 33:10 | Queue | Villager (Male) |
| 33:12 | Build | Farm |
| 33:40 | Queue | Villager (Male) |
| 33:41 | Queue | Villager (Male) |
| 33:41 | Queue | Villager (Male) |
| 34:03 | Queue | Villager (Male) |
| 34:38 | Queue | Spearman |
| 34:59 | Queue | Villager (Male) |
| 34:59 | Queue | Villager (Male) |
| 35:01 | Research | Wheelbarrow |
| 35:04 | Research | Bow Saw |
| 35:04 | Research | Bow Saw |
| 35:39 | Build | Town Center |
| 36:36 | Build | Barracks |
| 36:47 | Queue | Villager (Male) |
| 36:49 | Queue | Villager (Male) |
| 37:39 | Build | Siege Workshop |
| 38:00 | Build | Farm |
| 38:01 | Build | Farm |
| 38:01 | Build | Farm |
| 38:01 | Build | Farm |
| 38:01 | Build | Farm |
| 38:01 | Build | Farm |
| 38:02 | Build | Farm |
| 38:28 | Queue | Iron Pagoda |
| 38:32 | Build | Palisade Wall |
| 38:39 | Queue | Villager (Male) |
| 38:39 | Queue | Villager (Male) |
| 38:39 | Queue | Villager (Male) |
| 38:40 | Queue | Villager (Male) |
| 38:40 | Queue | Villager (Male) |
| 39:22 | Build | Castle |
| 39:37 | Build | Stone Wall |
| 39:47 | Build | Stone Wall |
Match timeline
| 2:49 | TheGooseTransporter · wall_segment Palisade Wall x1 |
| 7:58 | TheGooseTransporter · wall_segment Palisade Wall x1 |
| 8:08 | TheGooseTransporter · wall_segment Palisade Wall x1 |
| 8:16 | TheGooseTransporter · wall_segment Palisade Wall x1 |
| 8:21 | TheGooseTransporter · wall_segment Palisade Wall x1 |
| 8:36 | TheGooseTransporter · wall_segment Palisade Wall x1 |
| 8:43 | TheGooseTransporter · wall_segment Palisade Wall x1 |
| 9:22 | Goldfisch · wall_segment Palisade Wall x1 |
| 9:44 | 105er.ahnungslos90 · wall_segment Palisade Wall x1 |
| 9:57 | 105er.ahnungslos90 · wall_segment Palisade Wall x1 |
| 9:58 | 105er.ahnungslos90 · wall_segment Palisade Wall x1 |
| 10:03 | word.exe · first_building Barracks |
| 10:35 | A Bag of Salt · wall_segment Palisade Wall x1 |
| 10:35 | Goldfisch · wall_segment Palisade Wall x1 |
| 10:35 | Goldfisch · wall_segment Palisade Wall x1 |
| 10:36 | A Bag of Salt · wall_segment Palisade Wall x1 |
| 10:37 | A Bag of Salt · wall_segment Palisade Wall x1 |
| 10:41 | A Bag of Salt · wall_segment Palisade Wall x1 |
| 10:42 | A Bag of Salt · wall_segment Palisade Wall x1 |
| 10:43 | A Bag of Salt · wall_segment Palisade Wall x1 |
| 10:44 | Goldfisch · wall_segment Palisade Wall x10 |
| 10:48 | TinglyTick15471 · first_building Barracks |
| 11:00 | Goldfisch · wall_segment Palisade Wall x6 |
| 11:01 | Goldfisch · wall_segment Palisade Wall x1 |
| 11:02 | Goldfisch · wall_segment Palisade Wall x1 |
| 11:02 | Goldfisch · wall_segment Palisade Wall x2 |
| 11:12 | A Bag of Salt · first_building Barracks |
| 11:18 | Menanicci · first_building Barracks |
| 11:30 | A Bag of Salt · wall_segment Palisade Wall x1 |
| 12:06 | Goldfisch · wall_segment Palisade Wall x1 |
| 12:07 | Goldfisch · wall_segment Palisade Wall x1 |
| 12:07 | Goldfisch · wall_segment Palisade Wall x1 |
| 12:07 | Goldfisch · wall_segment Palisade Wall x1 |
| 12:18 | word.exe · wall_segment Palisade Wall x1 |
| 12:19 | A Bag of Salt · age_up feudal |
| 12:23 | Menanicci · age_up feudal |
| 12:30 | TinglyTick15471 · first_building Stable |
| 12:41 | 105er.ahnungslos90 · wall_segment Palisade Wall x1 |
| 12:45 | TinglyTick15471 · wall_segment Palisade Wall x13 |
| 12:47 | TheGooseTransporter · first_building Barracks |
| 12:48 | TinglyTick15471 · wall_segment Palisade Wall x3 |
| 12:58 | A Bag of Salt · wall_segment Palisade Wall x3 |
| 13:13 | Ned Stark's Bastard · age_up feudal |
| 13:15 | Menanicci · first_building Archery Range |
| 13:29 | 105er.ahnungslos90 · age_up feudal |
| 13:39 | TheGooseTransporter · wall_segment Palisade Wall x1 |
| 13:40 | word.exe · age_up feudal |
| 13:41 | Goldfisch · age_up feudal |
| 13:42 | TheGooseTransporter · wall_segment Palisade Wall x1 |
| 13:43 | TheGooseTransporter · wall_segment Palisade Wall x1 |
| 13:46 | word.exe · first_building Archery Range |
| 13:47 | TheGooseTransporter · age_up feudal |
| 13:48 | TheGooseTransporter · wall_segment Palisade Wall x1 |
| 13:50 | TheGooseTransporter · wall_segment Palisade Wall x1 |
| 13:53 | TheGooseTransporter · first_building Archery Range |
| 14:04 | TheGooseTransporter · wall_segment Palisade Wall x1 |
| 14:07 | TheGooseTransporter · wall_segment Palisade Wall x1 |
| 14:57 | Goldfisch · first_market_buy 100 food |
| 15:02 | Goldfisch · first_market_sell 100 stone |
| 15:44 | 105er.ahnungslos90 · wall_segment Palisade Wall x1 |
| 16:00 | Ned Stark's Bastard · first_building Barracks |
| 16:00 | 105er.ahnungslos90 · wall_segment Palisade Wall x1 |
| 16:01 | 105er.ahnungslos90 · wall_segment Palisade Wall x1 |
| 16:04 | 105er.ahnungslos90 · wall_segment Palisade Wall x1 |
| 16:49 | 105er.ahnungslos90 · wall_segment Palisade Wall x5 |
| 17:02 | 105er.ahnungslos90 · wall_segment Palisade Wall x1 |
| 17:10 | 105er.ahnungslos90 · wall_segment Palisade Wall x1 |
| 17:11 | 105er.ahnungslos90 · wall_segment Palisade Wall x1 |
| 17:23 | 105er.ahnungslos90 · age_up castle |
| 17:42 | Goldfisch · age_up castle |
| 17:44 | Goldfisch · first_building Krepost |
| 17:53 | Menanicci · age_up castle |
| 17:57 | 105er.ahnungslos90 · wall_segment Palisade Wall x1 |
| 17:57 | A Bag of Salt · first_market_sell 100 wood |
| 17:59 | 105er.ahnungslos90 · wall_segment Palisade Wall x1 |
| 18:00 | A Bag of Salt · first_market_buy 100 food |
| 18:00 | word.exe · age_up castle |
| 18:08 | Ned Stark's Bastard · first_building Stable |
| 18:21 | Ned Stark's Bastard · age_up castle |
| 18:35 | A Bag of Salt · first_building Archery Range |
| 19:44 | TheGooseTransporter · age_up castle |
| 19:49 | Ned Stark's Bastard · first_market_sell 100 wood |
| 19:57 | TinglyTick15471 · first_market_sell 100 stone |
| 19:59 | Ned Stark's Bastard · first_market_buy 100 stone |
| 20:01 | 105er.ahnungslos90 · first_building Castle |
| 20:53 | TheGooseTransporter · first_building Siege Workshop |
| 20:58 | Ned Stark's Bastard · first_building Siege Workshop |
| 21:22 | TinglyTick15471 · first_building Archery Range |
| 21:25 | A Bag of Salt · age_up castle |
| 21:40 | A Bag of Salt · first_building Siege Workshop |
| 22:12 | word.exe · first_building Castle |
| 22:48 | 105er.ahnungslos90 · first_market_sell 500 food |
| 22:49 | 105er.ahnungslos90 · first_market_buy 500 stone |
| 24:25 | Goldfisch · first_building Barracks |
| 24:58 | Menanicci · first_market_sell 500 wood |
| 24:58 | Menanicci · first_market_buy 100 food |
| 25:58 | TheGooseTransporter · first_market_buy 100 food |
| 26:07 | Menanicci · first_building Siege Workshop |
| 26:23 | TinglyTick15471 · wall_segment Palisade Wall x1 |
| 26:24 | TinglyTick15471 · wall_segment Palisade Wall x5 |
| 26:36 | Menanicci · first_building Monastery |
| 26:53 | Menanicci · wall_segment Palisade Wall x1 |
| 26:55 | Menanicci · wall_segment Palisade Wall x1 |
| 26:57 | word.exe · wall_segment Palisade Wall x1 |
| 26:58 | word.exe · wall_segment Palisade Wall x1 |
| 26:59 | word.exe · wall_segment Palisade Wall x1 |
| 26:59 | word.exe · wall_segment Palisade Wall x1 |
| 27:00 | word.exe · wall_segment Palisade Wall x1 |
| 27:01 | word.exe · wall_segment Palisade Wall x1 |
| 27:02 | Menanicci · wall_segment Palisade Wall x1 |
| 28:24 | Menanicci · wall_segment Palisade Wall x4 |
| 28:25 | TinglyTick15471 · first_building Monastery |
| 28:35 | 105er.ahnungslos90 · first_building Barracks |
| 29:21 | Menanicci · wall_segment Palisade Wall x3 |
| 29:51 | Ned Stark's Bastard · first_building Monastery |
| 30:12 | word.exe · wall_segment Palisade Wall x1 |
| 30:14 | word.exe · wall_segment Palisade Wall x3 |
| 30:29 | Menanicci · age_up imperial |
| 30:46 | TinglyTick15471 · first_market_buy 100 stone |
| 31:39 | Menanicci · first_building Castle |
| 32:17 | TinglyTick15471 · first_building Castle |
| 33:06 | Goldfisch · first_building Siege Workshop |
| 33:37 | A Bag of Salt · first_building Castle |
| 33:46 | word.exe · wall_segment Palisade Wall x1 |
| 34:08 | Goldfisch · first_building Castle |
| 34:17 | word.exe · wall_segment Palisade Wall x1 |
| 34:27 | word.exe · wall_segment Palisade Wall x1 |
| 35:56 | Ned Stark's Bastard · wall_segment Palisade Wall x15 |
| 36:20 | Goldfisch · first_building Stable |
| 37:06 | TheGooseTransporter · first_building Castle |
| 37:10 | Menanicci · wall_segment Stone Wall x15 |
| 37:14 | Menanicci · wall_segment Stone Wall x13 |
| 37:39 | 105er.ahnungslos90 · first_building Siege Workshop |
| 38:16 | Goldfisch · age_up imperial |
| 38:26 | TheGooseTransporter · age_up imperial |
| 38:32 | 105er.ahnungslos90 · wall_segment Palisade Wall x1 |
| 38:46 | Ned Stark's Bastard · first_building Castle |
| 38:56 | Menanicci · wall_segment Stone Wall x6 |
| 39:37 | 105er.ahnungslos90 · wall_segment Stone Wall x7 |
| 39:47 | 105er.ahnungslos90 · wall_segment Stone Wall x4 |
| 39:53 | Menanicci · wall_segment Stone Wall x4 |
| 40:20 | Menanicci · wall_segment Stone Wall x3 |
| 40:27 | 105er.ahnungslos90 · wall_segment Palisade Wall x8 |
| 40:28 | 105er.ahnungslos90 · wall_segment Palisade Wall x2 |
| 40:41 | A Bag of Salt · age_up imperial |
| 41:39 | 105er.ahnungslos90 · wall_segment Stone Wall x3 |
| 41:43 | word.exe · wall_segment Palisade Wall x1 |
| 41:45 | word.exe · wall_segment Palisade Wall x1 |
| 42:05 | word.exe · first_building Siege Workshop |
| 42:07 | 105er.ahnungslos90 · wall_segment Stone Wall x1 |
| 42:10 | 105er.ahnungslos90 · wall_segment Stone Wall x1 |
| 42:16 | 105er.ahnungslos90 · wall_segment Stone Wall x4 |
| 42:20 | 105er.ahnungslos90 · wall_segment Stone Wall x1 |
| 42:22 | 105er.ahnungslos90 · wall_segment Stone Wall x1 |
| 42:23 | 105er.ahnungslos90 · wall_segment Stone Wall x1 |
| 42:25 | 105er.ahnungslos90 · wall_segment Stone Wall x1 |
| 42:30 | 105er.ahnungslos90 · wall_segment Stone Wall x1 |
| 42:36 | 105er.ahnungslos90 · wall_segment Stone Wall x1 |
| 42:38 | 105er.ahnungslos90 · wall_segment Stone Wall x1 |
| 42:39 | 105er.ahnungslos90 · wall_segment Stone Wall x1 |
| 43:18 | A Bag of Salt · resign |
| 43:51 | 105er.ahnungslos90 · wall_segment Stone Wall x1 |
| 44:05 | 105er.ahnungslos90 · wall_segment Palisade Wall x1 |
| 45:02 | Ned Stark's Bastard · age_up imperial |
[ AI ANALYSIS · 1 CREDIT ]
What really happened in this match?
Wolo.gg analyzes every decision: build order, eco, micro, common mistakes by bracket. Personalized analysis on WhatsApp or Discord in 30 seconds.
Civ guide
Celts
Perfil
Jugador #3896605